Map: Daybreak LE (Void)

Players

Lannister

  • Race: Zerg Zerg
  • League: Gold
  • Spawn Location: 1:00

Fropez - Winner!

  • Race: Protoss Protoss
  • League: Gold
  • Spawn Location: 7:00

VOD

Have the link to the VOD?

Description

Time

  • Played on: Dec. 1, 2016, 6:46 p.m.
  • Length: 7:12
Show
View Real Time Build Order
Export as new Build Order

Lannister Zerg 

Build Orders: Hatch First 

Get SALT Encoding   

  12  0:02  Drone  
  13  0:11  Drone  
  14  0:39  Hatchery  
  14  0:41  Drone  
  14  0:50  Extractor  
  14  0:52  Drone  
  14  1:05  Spawning Pool  
  14  1:10  Drone  
  14  1:18  Overlord  
  14  1:39  Drone x3  
  17  1:54  Zergling x2  
  17  1:55  Zergling x2  
  19  2:01  Extractor  
  18  2:10  Queen, Zergling x4  
  18  2:11  Queen  
  24  2:19  Overlord  
  23  2:45  Zergling x4  
  23  2:50  Zergling x6  
  28  3:05  Drone x3  
  31  3:16  Metabolic Boost  
  31  3:48  Drone  
  31  3:49  Drone x4  
  36  4:00  Overlord  
  34  4:15  Drone x2  
Show
View Real Time Build Order
Export as new Build Order

Fropez Protoss - Winner!

Build Orders: 1 Gate Expand 

Get SALT Encoding   

  12  0:01  Probe (Chrono Boost)  
  13  0:11  Probe (Chrono Boost)  
  14  0:21  Pylon  
  14  0:30  Probe (Chrono Boost)  
  15  0:41  Probe (Chrono Boost)  
  16  0:52  Probe (Chrono Boost), Gateway  
  17  1:00  Assimilator  
  17  1:16  Nexus  
  17  1:19  Probe (Chrono Boost)  
  18  1:30  Probe (Chrono Boost)  
  19  1:38  Assimilator  
  19  1:40  Probe (Chrono Boost)  
  20  1:51  Probe (Chrono Boost)  
  20  1:53  Gateway  
  21  2:00  Assimilator  
  21  2:01  Probe (Chrono Boost)  
  22  2:13  Cybernetics Core  
  22  2:15  Pylon  
  22  2:20  Probe (Chrono Boost)  
  23  2:36  Probe (Chrono Boost)  
  24  2:37  Probe (Chrono Boost)  
  25  2:45  Assimilator  
  25  2:46  Probe (Chrono Boost)  
  25  2:48  Probe (Chrono Boost)  
  27  2:55  Pylon  
  27  2:57  Probe (Chrono Boost)  
  28  2:59  Probe (Chrono Boost)  
  29  3:07  Probe (Chrono Boost)  
  29  3:09  Probe (Chrono Boost)  
  31  3:24  Probe (Chrono Boost)  
  31  3:25  Probe (Chrono Boost)  
  33  3:27  Warp Gate (Chrono Boost)  
  33  3:33  Mothership Core  
  33  3:39  Stargate  
  33  3:41  Stargate  
  35  3:43  Probe  
  36  3:48  Stalker  
  38  4:12  Pylon  
  38  4:14  Probe  
  38  4:15  Forge  
  39  4:17  Pylon  
  39  4:19  Probe  
Tags
 
Add a new tag
Caveats
  • Supply blocks, unpowered buildings, or Contaminate may cause inaccurate times.
  • Supply counts are checked every 10 seconds.